 Dungeon Crawl Stone Soup version 0.30-a0-596-g0af90f9a20 (webtiles) character file.

Game seed: 10898948058436750220

793 bande the Chopper (level 7, -2/44 HPs)
             Began as a Gargoyle Fighter on Jan 6, 2023.
             Was an Initiate of Okawaru.
             Slain by Pikel
             ... wielding a +1 whip of freezing
              (6 damage)
             ... on level 5 of the Dungeon on Jan 7, 2023.
             The game lasted 00:09:11 (4858 turns).

bande the Chopper (Gargoyle Fighter)                Turns: 4858, Time: 00:09:11

Health: -2/44      AC: 17    Str: 20    XL:     7   Next: 88%
Magic:  7/7        EV:  7    Int:  8    God:    Okawaru [......]
Gold:   264        SH:  4    Dex: 11    Spells: 6/6 levels left

rFire   + . .      SeeInvis .    a - +1 war axe
rCold   + . .      Faith    .    c - +0 buckler
rNeg    + . .      Spirit   .    m - +2 chain mail {rF+}
rPois   ∞          Reflect  .    o - +0 helmet
rElec   +          Harm     .    (no cloak)
rCorr   .          Rampage  .    (no gloves)
Will    .....                    (no boots) Stlth
                                 (no amulet)
HPRegen 0.27/turn                f - ring of protection from cold
MPRegen 0.10/turn                (no ring)

@: no status effects
A: sickness immunity, AC +4, negative energy resistance 1, electricity
resistance, torment resistance 1, petrification resistance
a: Renounce Religion


You were on level 5 of the Dungeon.
You worshipped Okawaru.
Okawaru was noncommittal.
You visited 2 branches of the dungeon, and saw 6 of its levels.

You collected 264 gold pieces.

Inventory:

Hand Weapons
 a - a +1 war axe (weapon)
 k - a +0 war axe
 s - a +0 flail
Armour
 c - a +0 buckler (worn)
 m - a +2 chain mail of fire resistance (worn)
 o - a +0 helmet (worn)
Jewellery
 f - a ring of protection from cold (left hand)
 l - a ring of magical power
Wands
 n - a wand of light (7)
Scrolls
 e - 2 scrolls of blinking
 p - a scroll of enchant weapon
 r - 2 scrolls of identify
Potions
 b - 2 potions of curing {unknown}
 d - 3 potions of might
 h - 3 potions of brilliance
 j - a potion of attraction {unknown}
 t - a potion of lignification {unknown}
 u - a potion of mutation {unknown}
 v - a potion of haste


   Skills:
 + Level 4.4 Fighting
 + Level 5.2(5.6) Axes
 - Level 2.2(4.3) Maces & Flails
 - Level 2.0(3.9) Polearms
 + Level 4.5 Armour
 - Level 0.4 Stealth
 + Level 4.2 Shields
 * Level 0.9 Invocations
 * Level 1.7 Evocations


You had 6 spell levels left.
You didn't know any spells.
Your spell library contained the following spells:

 Spells                   Type           Power      Damage    Failure   Level
 Airstrike                Air            0%         2d(0-16)  100%        4
 Dispel Undead            Necr           0%         3d6       100%        4
 Lightning Bolt           Conj/Air       0%         1d11      100%        5
 Cigotuvi's Dreadful Rot  Necr/Pois/Air  Unusable   N/A       N/A         2
 Summon Lightning Spire   Summ/Air       Unusable   N/A       N/A         4
 Death Channel            Necr           Unusable   N/A       N/A         6

Dungeon Overview and Level Annotations

Branches:
Dungeon (5/15)             Temple (1/1) D:5

Altars:
Makhleb
Nemelex Xobeh
Okawaru
Qazlal
Ru
Sif Muna
Trog
Uskayaw
Vehumet
Wu Jian
Yredelemnul
Zin

Shops:
D:4 =

Annotations:
D:5 Pikel


Innate Abilities, Weirdness & Mutations

You are immune to sickness and miasma.
Your stone body is resilient. (AC +4)
You are immune to poison.
You resist negative energy. (rN+)
You are resistant to electric shocks. (rElec)
You are resistant to unholy torment.
You are immune to petrification.


Message History

You closely miss the lemure. The lemure closely misses you.
Pikel hits you but does no damage.
You hit Pikel but do no damage.
Pikel is moderately wounded.
You barely miss the lemure. The lemure hits you but does no damage.
Pikel hits you with a +1 whip of freezing!
Pikel freezes you. Pikel barely misses you. The lemure closely misses you.
You are too injured to fight recklessly!
You are too injured to fight recklessly!
You are too injured to fight recklessly!
You are too injured to fight recklessly!
You are too injured to fight recklessly!
You are too injured to fight recklessly!
You are too injured to fight recklessly!
You are too injured to fight recklessly!
You slash Pikel!
Pikel is moderately wounded.
You slash the lemure! You block the lemure's attack.
Pikel hits you with a +1 whip of freezing.
You slash Pikel!
Pikel is heavily wounded.
You closely miss the lemure. The lemure completely misses you.
You block Pikel's attack.
You closely miss Pikel.
Pikel is heavily wounded.
You hit the lemure. The lemure hits you but does no damage.
Pikel barely misses you.
You completely miss Pikel.
Pikel is heavily wounded.
You hit the lemure. You block the lemure's attack.
Pikel hits you with a +1 whip of freezing.
You slash Pikel!
Pikel is severely wounded.
You barely miss the lemure. The lemure hits you.
* * * LOW HITPOINT WARNING * * *
Pikel hits you with a +1 whip of freezing!
* * * LOW HITPOINT WARNING * * *
The lemure completely misses you.
Pikel hits you with a +1 whip of freezing.
You die...

***##.* ##...## ### #.#
*,* ##+#* ##.###.## *,*
*.# ##...#...# *,* #.#
#........# *,###*###.##
##...#...#
*,,........######.######
#.#*#5#...........#
#...5#5#...#####..#
*,**#5K@....^.....# *,*
####..######.##
*,*#####..######.#
*,...............#
**#######.######## #$#
****** ****** #.# *,,,,,
*,,,,*********#.# *,***,
*,**,**,,,,,,,..# *,* *,


You could see Pikel and 4 lemures.

Vanquished Creatures
  Grinder (D:3)
  Menkaure (D:4)
  An ogre (D:5)
  A hound (D:5)
  2 jellies (D:5)
  2 iguanas (D:5)
  Terence (D:2)
  Robin (D:2)
  5 adders
  5 gnolls
  A white imp (D:5)
  2 worms
  2 dart slugs
  5 orcs
  11 ball pythons
  A bat (D:1)
  7 endoplasms
  4 giant cockroaches (D:1)
  9 goblins
  9 hobgoblins
  14 jackals
  9 quokkas
  3 frilled lizards
  6 kobolds
  8 rats
111 creatures vanquished.

Notes
Turn   | Place    | Note
-------+----------+-------------------------------------------
     0 | D:1      | bande the Gargoyle Fighter began the quest for the Orb.
     0 | D:1      | Reached XP level 1. HP: 14/14 MP: 1/1
   113 | D:1      | Reached XP level 2. HP: 19/19 MP: 2/2
   205 | D:1      | Reached skill level 2 in Axes
   205 | D:1      | Reached XP level 3. HP: 23/23 MP: 3/3
   865 | D:2      | Reached skill level 1 in Maces & Flails
   994 | D:2      | Noticed Terence
   999 | D:2      | Killed Terence
  1000 | D:2      | Reached skill level 1 in Polearms
  1000 | D:2      | Reached XP level 4. HP: 28/28 MP: 4/4
  1090 | D:2      | Noticed Robin
  1099 | D:2      | Killed Robin
  1689 | D:2      | Identified the +1 robe of Misanthropy {Fly rElec}
  2180 | D:2      | Reached XP level 5. HP: 32/33 MP: 5/5
  2287 | D:2      | Reached skill level 3 in Axes
  2492 | D:3      | Noticed Grinder
  2498 | D:3      | Paralysed by Grinder for 3 turns
  2507 | D:3      | Killed Grinder
  2508 | D:3      | Reached XP level 6. HP: 29/38 MP: 6/6
  2696 | D:3      | Found a sparkling altar of Nemelex Xobeh.
  2808 | D:3      | Found an ornate altar of the Wu Jian Council.
  3086 | D:4      | Reached skill level 4 in Axes
  3101 | D:5      | Entered Level 5 of the Dungeon
  3229 | D:5      | Reached XP level 7. HP: 17/43 MP: 7/7
  3239 | D:5      | Reached skill level 1 in Evocations
  3558 | D:4      | Found Acecs's Jewellery Boutique.
  3576 | D:4      | Noticed Menkaure
  3589 | D:4      | Killed Menkaure
  3813 | D:4      | Found a basalt altar of Yredelemnul.
  4000 | D:4      | Reached skill level 5 in Axes
  4005 | D:4      | Found a hide-covered altar of Uskayaw.
  4005 | D:4      | Found a radiant altar of Vehumet.
  4096 | D:5      | Found a staircase to the Ecumenical Temple.
  4187 | Temple   | Entered the Ecumenical Temple
  4198 | Temple   | Became a worshipper of Warmaster Okawaru
  4844 | D:5      | Noticed Pikel
  4858 | D:5      | Slain by Pikel

Illustrated notes

Levels and vault maps discovered:
D:1:      lightli_arrival_chessboard, layout_basic, chequers_avenue, st_stairs_5
D:2:      layout_basic, uniq_robin, uniq_terence
D:3:      layout_rooms, mainiacjoe_overflow_small_starburst,
          lemuel_doored_altar, uniq_grinder
D:4:      layout_basic, gammafunk_temple_overflow_wave,
          mainiacjoe_overflow_paths, kennysheep_diamond, minmay_circle_x,
          uniq_menkaure
D:5:      layout_loops_corners, temple_fountains, uniq_eustachio, uniq_pikel
Temple:   nicolae_temple_bog_church

Skill      XL: |  1  2  3  4  5  6  7 |
---------------+----------------------+-----
Axes           | 2 3 4 5 |  5.2
Maces & Flails | 1 2 |  2.2
Polearms       | 1 2 |  2.0
Armour         | 4 |  4.5
Fighting       | 4 |  4.4
Shields        | 4 |  4.2
Evocations     | 1 |  1.7
Stealth        | |  0.4
Invocations    | |  0.9

Action                   |  1- 3 |  4- 6 |  7- 9 || total
-------------------------+-------+-------+-------++-------
Melee: War axe           |    79 |   160 |    99 ||   338
  Use: Scroll            |       |       |     7 ||     7
Armor: Scale mail        |    37 |       |       ||    37
       Plate armour      |    19 |     5 |       ||    24
       Chain mail        |       |   135 |    72 ||   207
Dodge: Dodged            |    44 |    87 |    51 ||   182
Block: Buckler           |    21 |    40 |    27 ||    88

Table legend: (Time is in decaauts)
 A = Elapsed time spent in this place.
 B = Non-inter-level travel time spent in this place.
 C = Inter-level travel time spent in this place.
 D = Time resting spent in this place.
 E = Time spent auto-exploring this place.
 F = Levels seen in this place.
 G = Mean time per level.
                   A        B        C        D        E       F      G
               +--------+--------+--------+--------+--------+-----+--------+
         Total |   4985 |   4898 |     87 |   1324 |   2580 |   6 |  830.8 |
       Dungeon |   4954 |   4875 |     79 |   1324 |   2578 |   5 |  990.8 |
        Temple |     30 |     22 |      8 |      0 |      2 |   1 |   30.0 |
               +--------+--------+--------+--------+--------+-----+--------+

Top non-repeatable levels by time:
     D:2: 1613 daAuts
     D:5: 1155 daAuts
     D:1: 836 daAuts
     D:4: 708 daAuts
     D:3: 639 daAuts
  Temple: 30 daAuts
